 Seeded DCSS version 0.30-a0-760-g5a9884bb7c (webtiles) character file.

Game seed: 9872356845197221001 (custom seed)

63 sircluck the Shooter (level 3, 0/18 HPs)
             Began as a Spriggan Hunter on Feb 10, 2023.
             Engulfed by a cloud of poison gas (1 damage)
             ... on level 2 of the Dungeon.
             The game lasted 00:02:40 (1817 turns).

sircluck the Shooter (Spriggan Hunter)              Turns: 1817, Time: 00:02:40

Health: 0/18       AC:  7    Str:  7    XL:     3   Next: 87%
Magic:  0/4        EV: 18    Int: 10    God:
Gold:   101        SH:  0    Dex: 20    Spells: 2/2 levels left

rFire   . . .      SeeInvis +    a - +0 shortbow
rCold   . . .      Faith    .    (shield currently unavailable)
rNeg    . . .      Spirit   +    c - +1 robe
rPois   .          Reflect  .    (helmet restricted)
rElec   .          Harm     .    (no cloak)
rCorr   .          Rampage  .    (gloves unavailable)
Will    .....                    (boots unavailable)
Stlth   ++                       n - amulet of guardian spirit
HPRegen 0.23/turn                k - +4 ring of protection
MPRegen 0.09/turn                (no ring)

@: lethally poisoned (0 -> -45), very quick
A: very small, no large weapons, unfitting armour, see invisible, speed 3
a: no special abilities


You were on level 2 of the Dungeon.
You visited 1 branch of the dungeon, and saw 2 of its levels.

You collected 101 gold pieces.

Inventory:

Hand Weapons
 a - a +0 shortbow (weapon)
Armour
 c - a +1 robe (worn)
Jewellery
 k - a +4 ring of protection (left hand)
 n - an amulet of guardian spirit (around neck)
Scrolls
 b - a scroll of immolation
 f - a scroll of brand weapon
 h - 3 scrolls of identify
 p - a scroll of fear
Potions
 d - a potion of berserk rage {unknown}
 e - a potion of invisibility {unknown}
 g - a potion of heal wounds {unknown}
 i - a potion of flight {unknown}
 j - a potion of might {unknown}
 l - 2 potions of haste {unknown}
 o - a potion of attraction {unknown}
 r - 2 potions of mutation {unknown}


   Skills:
 + Level 1.8 Fighting
 + Level 5.2 Ranged Weapons
 + Level 3.1 Dodging
 + Level 1.5 Stealth


You had 2 spell levels left.
You didn't know any spells.
Your spell library was empty.

Dungeon Overview and Level Annotations

Branches:
Dungeon (2/15)

Altars:
Ru


Innate Abilities, Weirdness & Mutations

You are very small and have problems with some larger weapons.
You are too small for most types of armour.
You have supernaturally acute eyesight. (SInv)
You cover ground extremely quickly. (Speed+++)


Message History

There is a stone staircase leading down here.
A goblin comes into view. It is wielding a +0 club.
You shoot an arrow. The arrow hits the goblin!
You kill the goblin!
r - 2 fizzy clear potions No target in view!
Done exploring.
Done exploring.
k - a +4 ring of protection (left hand)
You start putting on your amulet.
You continue putting on your amulet of guardian spirit. x5
You finish putting on your amulet of guardian spirit.
You feel your power drawn to a protective spirit.
n - an amulet of guardian spirit (around neck) Done exploring.
As you read the scroll labelled GYLEAL YKAU, it crumbles to dust.
It is a scroll of enchant armour.
Your +0 robe glows green for a moment.
The air fills with toxic fumes!
As you read the scroll labelled NOTESE XIAWKE, it crumbles to dust.
It was a scroll of poison.
Done exploring.
Really walk into that cloud of poison gas? [Y]es or [N]o only, please.
Really walk into that cloud of poison gas?
You are engulfed in poison gas.
You are poisoned.
You feel sick.
You are engulfed in poison gas.
You are lethally poisoned!
You feel very sick.
Things that are here:
a +0 club; a goblin corpse You are engulfed in poison gas.
You are more poisoned.
* * * LOW HITPOINT WARNING * * *
You feel very sick.
You are engulfed in poison gas.
You are more poisoned.
You die...

# #.#.##.##.# #.#.#.## #
#.#.....#.# #.#.#..<
##########.#######.#######.#.#...
.....#.....#.....#...........#...
####.#.#####.###.#########...#.##
# #.#.# #.# #...# #...#... #
#.#.# #.# ###.#######...#.## #
#.#.# #§#####§§.........#.#
####.#.# #.§§§@§§§.........#.##
.....#.#####################.#...
####.#.......................####
# #.######################### #
###


There were no monsters in sight!

Vanquished Creatures
  An adder (D:2)
  5 bats
  5 endoplasms
  6 giant cockroaches
  4 goblins
  4 hobgoblins
  7 kobolds
  3 quokkas (D:2)
  3 ball pythons
  2 frilled lizards
  6 rats
46 creatures vanquished.

Notes
Turn   | Place    | Note
-------+----------+-------------------------------------------
     0 | D:1      | sircluck the Spriggan Hunter began the quest for the Orb.
     0 | D:1      | Reached XP level 1. HP: 10/10 MP: 2/2
   158 | D:1      | Reached XP level 2. HP: 14/14 MP: 3/3
   858 | D:2      | Reached XP level 3. HP: 18/18 MP: 4/4
   868 | D:2      | Found a sacrificial altar of Ru.
  1275 | D:2      | Reached skill level 5 in Ranged Weapons
  1817 | D:2      | Engulfed by a cloud of poison gas

Illustrated notes

Levels and vault maps discovered:
D:1:      eino_arrival_water_cross, layout_basic, amethyst_killhole
D:2:      minmay_razor_zed, layout_basic, basic_altar

Skill      XL: |  1  2  3 |
---------------+----------+-----
Dodging        | 3 |  3.1
Ranged Weapons | 5 |  5.2
Fighting       | |  1.8
Stealth        | |  1.5

Action                     || total
---------------------------++-------
   Fire: Shortbow          ||    99
    Use: Scroll            ||     4
 Armour: Robe              ||     3
  Dodge: Dodged            ||    40

Table legend: (Time is in decaauts)
 A = Elapsed time spent in this place.
 B = Non-inter-level travel time spent in this place.
 C = Inter-level travel time spent in this place.
 D = Time resting spent in this place.
 E = Time spent auto-exploring this place.
 F = Levels seen in this place.
 G = Mean time per level.
                   A        B        C        D        E       F      G
               +--------+--------+--------+--------+--------+-----+--------+
         Total |   1190 |   1166 |     24 |      0 |    975 |   2 |  595.0 |
       Dungeon |   1190 |   1166 |     24 |      0 |    975 |   2 |  595.0 |
               +--------+--------+--------+--------+--------+-----+--------+

Top non-repeatable levels by time:
     D:2: 738 daAuts
     D:1: 451 daAuts
